 Dungeon Crawl Stone Soup version 0.27.0-66-gdc8fb28755 (webtiles) character file.

Game seed: 17513771695462494614

78 Spectrina the Covert (level 4, -1/27 HPs)
             Began as a Vampire Delver on Aug 20, 2021.
             Slain by an orc (6 damage)
             ... on level 5 of the Dungeon.
             The game lasted 00:00:40 (98 turns).

Spectrina the Covert (Vampire Delver)                 Turns: 98, Time: 00:00:41

Health: -1/27      AC:  3    Str: 11    XL:     4   Next: 15%
Magic:  4/4        EV: 12    Int: 12    God:
Gold:   6          SH:  0    Dex: 16    Spells: 3/3 levels left

rFire    . . .     SeeInvis +   a - +0 short sword
rCold    + + .     Faith    .   (no shield)
rNeg     + + +     Spirit   .   b - +0 leather armour
rPois    ∞         Reflect  .   (no helmet)
rElec    .         Harm     .   (no cloak)
rCorr    .         Rampage  .   (no gloves)
Will     .....                  (no boots)
Stlth    ++++++....             (no amulet)
HPRegen  0.00/turn              (no ring)
MPRegen  0.09/turn              (no ring)

@: bloodless, inhibited regen
A: bloodless, fangs 3, see invisible, vampiric 2
a: Bat Form, Revivify


You were on level 5 of the Dungeon.
You visited 1 branch of the dungeon, and saw 2 of its levels.

You collected 6 gold pieces.

Inventory:

Hand Weapons
 a - a +0 short sword (weapon)
 i - a +0 shortbow
 k - a +0 dagger
Missiles
 h - 29 stones (quivered)
 j - 27 arrows
Armour
 b - a +0 leather armour (worn)
Wands
 g - a wand of digging (3)
Scrolls
 c - a scroll of fog
 d - a scroll of magic mapping
 e - a scroll of fear
Potions
 f - a potion of haste


   Skills:
 - Level 2.6 Fighting
 - Level 2.1 Short Blades
 - Level 2.1 Dodging
 + Level 9.6 Stealth


You had 3 spell levels left.
You didn't know any spells.
Your spell library was empty.

Dungeon Overview and Level Annotations

Branches:
Dungeon (6/15)
 Temple: D:4-7

Altars:


Innate Abilities, Weirdness & Mutations

You do not regenerate when monsters are visible.
You are frail without blood (-20% HP).
You can heal yourself when you bite living creatures.
You are immune to poison.
You have razor-sharp teeth.
You have supernaturally acute eyesight. (SInv)
You are afflicted with vampirism and can become a bat while bloodless.


Message History

You now have 6 gold pieces.
An orc wizard comes into view. It is wielding a +0 dagger.
An orc comes into view. It is wielding a +0 flail.
Found a stone staircase leading up.
You see here a +0 dagger.
Unknown command.
k - a +0 dagger An orc comes into view. It is wielding a +0 morningstar.
The orc shouts!
Unknown command.
The orc barely misses you.
Unknown command.
You closely miss the orc. The orc closely misses you.
The orc hits you with a +0 flail.
The orc wizard shouts!
You hit the orc but do no damage. The orc barely misses you.
You barely miss the orc. The orc barely misses you.
You barely miss the orc.
The orc wizard hits you with a +0 dagger.
The orc barely misses you.
You hit the orc but do no damage.
The orc wizard hits you with a +0 dagger.
The orc closely misses you.
You hit the orc but do no damage.
The orc wizard hits you but does no damage.
The orc hits you with a +0 flail.
You hit the orc.
The orc is heavily wounded.
The orc wizard barely misses you. The orc barely misses you.
You hit the orc but do no damage.
The orc is heavily wounded.
The orc wizard misses you. The orc hits you but does no damage.
You hit the orc but do no damage.
The orc is heavily wounded.
The orc wizard misses you. The orc hits you with a +0 flail!
* * * LOW HITPOINT WARNING * * *
You hit the orc but do no damage.
The orc is heavily wounded.
The orc wizard misses you. The orc hits you with a +0 flail.
You die...

#.###.# ......#
#.##### #. #.# #.
#.# #. #.# #< #
#.# #.## .###.
#.# ##.o##......
#.# #...@oo#
#.#######
#.#.####
#.......# #.#.#
#######.#####.#.#
#.##......#
#.##.##.#.#######
#................
####.###..#######
#.# #..#


You could see an orc wizard and 2 orcs.

Vanquished Creatures
  A centaur (D:5)
1 creature vanquished.

Notes
Turn   | Place    | Note
-------+----------+-------------------------------------------
     0 | D:5      | Spectrina the Vampire Delver began the quest for the Orb.
     0 | D:5      | Reached XP level 1. HP: 17/17 MP: 1/1
    11 | D:6      | Noticed a shadow
    41 | D:5      | Noticed a centaur
    43 | D:5      | Killed a centaur
    44 | D:5      | Reached skill level 9 in Stealth
    44 | D:5      | Reached XP level 2. HP: 18/18 MP: 2/2
    44 | D:5      | Gained mutation: You are afflicted with vampirism and can
                  | become a bat while bloodless. [Vampire growth]
    44 | D:5      | Reached XP level 3. HP: 22/22 MP: 3/3
    44 | D:5      | Reached XP level 4. HP: 27/27 MP: 4/4
    98 | D:5      | Slain by an orc

Illustrated notes

Levels and vault maps discovered:
D:5:      layout_loops_ring, uniq_duvessa
D:6:      layout_rooms, nicolae_uskayaw_suspiria,
          minmay_temple_entry_water_ring, enter_ossuary_5, uniq_eustachio,
          uniq_pikel, uniq_prince_ribbit1

Skill      XL: |  1 |
---------------+----+-----
Stealth        | 9 |  9.6
Fighting       | |  2.6
Short Blades   | |  2.1
Dodging        | |  2.1

Action                   |  1- 3 |  4- 6 || total
-------------------------+-------+-------++-------
Melee: Short sword       |     1 |    10 ||    11
 Abil: Exsanguinate      |     1 |       ||     1
 Stab: Sleeping          |     1 |       ||     1
Armor: Leather armour    |       |     2 ||     2
Dodge: Dodged            |       |    11 ||    11
